 Dungeon Crawl Stone Soup version 0.18-a0-1577-gf591c28 (webtiles) character file.

638 angel3174 the Ruffian (level 7, 0/67 HPs)
             Began as a Troll Monk on Mar 16, 2016.
             Shot with an arrow of frost by a centaur (4 damage)
             ... on level 5 of the Dungeon on Mar 17, 2016.
             The game lasted 00:17:03 (3015 turns).

angel3174 the Ruffian (Troll Monk)                  Turns: 3015, Time: 00:17:04

Health: 0/67       AC:  6    Str: 21    XL:     7   Next: 25%
Magic:  6/6        EV: 12    Int:  6    God:
Gold:   459        SH:  0    Dex: 13    Spells: 0 memorised, 6 levels left

rFire  . . .     SeeInvis .       - Unarmed
rCold  . . .     Gourm    +     e - +0 robe
rNeg   + . .     Faith    .     (no shield)
rPois  +         Spirit   .     (helmet restricted)
rElec  .         Dismiss  .     n - +0 cloak {rPois}
rCorr  .         Reflect  .     (gloves unavailable)
SustAt .         Harm     .     (boots unavailable)
MR     .....                    c - amulet of rage
Stlth  +++.......               w - ring of positive energy
                                f - ring of stealth

@: exhausted, slowed, very slow, not resistant to hostile enchantments, fairly
stealthy
A: unfitting armour, claws 3, fast metabolism 3, gourmand, regeneration 2,
shaggy fur 1, tough skin 2
a: Evoke Berserk Rage


You were on level 5 of the Dungeon.
You were very full.

You visited 1 branch of the dungeon, and saw 5 of its levels.

You collected 459 gold pieces.

Inventory:

Missiles
 o - a throwing net (quivered)
 s - 3 large rocks
Armour
 e - a +0 robe (worn)
 n - a +0 cloak of poison resistance (worn)
Jewellery
 c - an amulet of rage (around neck)
 f - a ring of stealth (left claw)
 w - a ring of positive energy (right claw)
 x - an uncursed ring of resist corrosion {unknown}
Scrolls
 k - a scroll of enchant weapon {unknown}
 m - 5 scrolls of identify {unknown}
 q - 2 scrolls of amnesia {unknown}
 r - 8 scrolls of remove curse {unknown}
 t - a scroll of noise {unknown}
Potions
 a - 6 potions of curing
 d - a potion of berserk rage {unknown}
 h - a potion of haste {unknown}
 j - a potion of invisibility {unknown}
 l - a potion of agility {unknown}
 p - 2 potions of lignification {unknown}
 v - 3 potions of flight {unknown}
Comestibles
 b - 3 bread rations
 g - 2 beef jerkies
 i - 3 meat rations
 u - 5 chunks of flesh


   Skills:
 * Level 3.4 Fighting
 * Level 5.0 Dodging
 + Level 1.6 Stealth
 * Level 6.1 Unarmed Combat
 + Level 0.2 Evocations


You had 6 spell levels left.
You didn't know any spells.

Dungeon Overview and Level Annotations

Branches:
Dungeon (5/15)
 Temple: D:4-7

Altars:
Makhleb
Qazlal


Innate Abilities, Weirdness & Mutations

You are too large for most types of armour.
You have claws for hands.
Your metabolism is lightning-fast.
You like to eat raw meat.
You heal very quickly.
You are covered in fur (AC +1).
You have very tough skin (AC +2).


Message History

Your Dodging skill increases to level 5!
The killer bee stings you.
* * * LOW HITPOINT WARNING * * *
You are more poisoned.
The killer bee poisons you!
You are no longer berserk.
You are exhausted.
You feel yourself slow down.
You feel sick. The killer bee stings you!
* * * LOW HITPOINT WARNING * * *
It was a potion of curing.
You feel better. The killer bee closely misses you. The killer bee misses you.
The killer bee closely misses you.
Save game and exit?
Welcome back, angel3174 the Troll Monk.
Press ? for a list of commands and other information.
The killer bee stings you.
* * * LOW HITPOINT WARNING * * *
The centaur shoots an arrow of frost.
The arrow of frost hits you!
* * * LOW HITPOINT WARNING * * *
The arrow of frost freezes you.
You die...

#.......#.###.#>...
#...)...#........####..
#.........<............
##......#..........#
#.......###...####.#
#.......###...# ..
#............## #.[
#.......##Z.## .
#.#...@.#5c##
##.#....y#.##
#..#.###c†5# #.##.#
#.(## ##....# #.##
#...### ### #..## ####


You could see a centaur, a killer bee and a crimson imp.

Vanquished Creatures
  3 killer bees (D:5)
  A howler monkey (D:3)
  4 hounds
  2 orc priests
  An orc wizard (D:3)
  A giant frog skeleton (D:4)
  Ijyb (D:3)
  A worker ant (D:5)
  A hound skeleton (D:4)
  4 gnolls (D:2)
  4 adders
  5 worms
  3 dart slugs (D:3)
  10 orcs
  7 giant cockroaches
  10 goblins
  10 hobgoblins
  3 jackals (D:2)
  5 quokkas
  3 ball pythons
  7 bats
  4 giant newts
  6 kobolds
  5 rats
  2 fungi (D:3)
103 creatures vanquished.

Notes
Turn   | Place    | Note
--------------------------------------------------------------
     0 | D:1      | angel3174 the Troll Monk began the quest for the Orb.
     0 | D:1      | Reached XP level 1. HP: 22/22 MP: 0/0
   166 | D:1      | Reached XP level 2. HP: 29/29 MP: 1/1
   760 | D:2      | Reached XP level 3. HP: 31/36 MP: 2/2
   872 | D:2      | HP: 1/36 [gnoll/spear of pain (8)]
   876 | D:2      | Reached XP level 4. HP: 1/44 MP: 3/3
  1658 | D:3      | Reached XP level 5. HP: 45/50 MP: 4/4
  1759 | D:3      | Reached skill level 5 in Unarmed Combat
  1807 | D:3      | Found a burning altar of Makhleb.
  1934 | D:3      | Found a stormy altar of Qazlal.
  2042 | D:3      | Reached XP level 6. HP: 61/61 MP: 5/5
  2052 | D:3      | Noticed Ijyb
  2074 | D:3      | Killed Ijyb
  2881 | D:5      | Entered Level 5 of the Dungeon
  3004 | D:5      | Reached skill level 6 in Unarmed Combat
  3004 | D:5      | Reached XP level 7. HP: 39/67 MP: 6/6
  3012 | D:5      | Reached skill level 5 in Dodging
  3015 | D:5      | Upgraded the game from 0.18-a0-1575-g920359c to 0.18-a0-1577-gf591c28
  3015 | D:5      | Shot with an arrow of frost by a centaur

Vault maps used:
D:1:      dpeg_arrival_arbitrary_a, grunt_decor_cap, minmay_misc_feat_five,
          minmay_crystal_room
D:2:      first_bread, kennysheep_generic_room_12
D:3:      kennysheep_the_goblin_king, nicolae_overflow_crystal_walls,
          minmay_gold_behind_fungi, makhleb_blood_cavern_becter
D:5:      nicolae_dithmenos_shadow_blocks, uniq_pikel, uniq_duvessa

Skill      XL: |  1  2  3  4  5  6  7 |
---------------+----------------------+-----
Dodging        | 3 4 5 |  5.0
Unarmed Combat | 5 6 |  6.1
Fighting       | 3 |  3.4
Stealth        | |  1.6
Evocations     | |  0.2

Action                   |  1- 3 |  4- 6 |  7- 9 || total
-------------------------+-------+-------+-------++-------
Melee: Unarmed           |    76 |   205 |     7 ||   288
 Abil: Evoke Berserk Rag |       |     1 |       ||     1
  Use: Scroll            |       |     1 |       ||     1
       Potion            |       |       |     1 ||     1
 Stab: Sleeping          |       |     4 |       ||     4
  Eat: Chunk             |    13 |    20 |       ||    33
